 Dungeon Crawl Stone Soup version 0.30.1-4-g462c640d31 (webtiles) character file.

Game seed: 15817231431344917433

200 Mrmini231 the Trooper (level 5, -7/47 HPs)
             Began as a Hill Orc Fighter on Aug 12, 2023.
             Mangled by Duvessa
             ... wielding a +0 rapier
              (11 damage)
             ... on level 4 of the Dungeon.
             The game lasted 00:06:18 (2404 turns).

Mrmini231 the Trooper (Hill Orc Fighter)            Turns: 2404, Time: 00:06:19

Health: -7/47      AC: 12    Str: 20 (21) XL:     5   Next: 79%
Magic:  5/5        EV:  8    Int:  5 (8)  God:
Gold:   108        SH:  4    Dex:  8 (10) Spells: 4/4 levels left

rFire   . . .        a - +0 flail
rCold   . . .        c - +0 buckler
rNeg    . . .        e - +1 chain mail
rPois   .            (no helmet)
rElec   .            f - +0 cloak
rCorr   .            k - +0 pair of gloves
SInv    .            (no boots)
Will    .....        i - amulet of magic regeneration Stlth
                     (no ring)
HPRegen 0.27/turn    (no ring)
MPRegen 0.49/turn

%: no passive effects
@: no status effects
A: no striking features
a: no special abilities


You were on level 4 of the Dungeon.
You visited 1 branch of the dungeon, and saw 4 of its levels.

You collected 108 gold pieces.

Inventory:

Hand Weapons
 a - a +0 flail (weapon)
Missiles
 g - 13 poisoned darts (quivered)
Armour
 b - a +0 scale mail
 c - a +0 buckler (worn)
 e - a +1 chain mail (worn)
 f - a +0 cloak (worn)
 k - a +0 pair of gloves (worn)
Jewellery
 i - an amulet of magic regeneration (around neck)
 j - a ring of ice
Wands
 h - a wand of mindburst (9)
Scrolls
 d - 2 scrolls of teleportation
 m - a scroll of identify
Potions
 l - a potion of resistance


   Skills:
 + Level 4.5 Fighting
 + Level 3.4 Maces & Flails
 + Level 4.2 Armour
 + Level 1.6 Dodging
 + Level 4.2 Shields
 + Level 0.6 Evocations


You had 4 spell levels left.
You didn't know any spells.
Your spell library contained the following spells:

 Spells                   Type           Power      Damage    Failure   Level
 Ignite Poison            Fire/Tmut/Pois 0%         N/A       100%        3
 Vhi's Electric Charge    Tloc/Air       0%         N/A       100%        3
 Cause Fear               Hex            0%         N/A       100%        4
 Sticky Flame             Conj/Fire      0%         2d3       100%        4
 Arcjolt                  Conj/Air       0%         1d10      100%        5
 Plasma Beam              Fire/Air       0%         2x1d11    100%        6
 Dragon Form              Tmut           0%         N/A       100%        7
 Ignition                 Fire           0%         3d3       100%        8
 Dragon's Call            Summ           0%         N/A       100%        9


Dungeon Overview and Level Annotations

Branches:
Dungeon (4/15)
 Temple: D:4-7

Altars:

Portals:
Sewer: D:4

Annotations:
D:4 Duvessa


Message History

Press: ? - help, Q - select action, (/) - cycle Shift-Dir - straight line, f/p - Duvessa
Aim: Duvessa, wielding a +0 rapier and wearing a +3 leather armour of willpower (lightly wounded, berserk, poisoned, 60% to hit)
You throw a poisoned dart. The poisoned dart hits Duvessa.
Duvessa is lightly wounded.
Duvessa hits you but does no damage.
You hit Duvessa but do no damage.
Duvessa is lightly wounded.
You block Duvessa's attack. Duvessa completely misses you.
You hit Duvessa but do no damage.
Duvessa is lightly wounded.
You block Duvessa's attack. Duvessa hits you with a +0 rapier!
You hit Duvessa.
Duvessa is moderately wounded.
Duvessa barely misses you.
You hit Duvessa.
Duvessa is moderately wounded.
Duvessa looks more healthy.
Duvessa hits you with a +0 rapier! You block Duvessa's attack.
You hit Duvessa but do no damage.
Duvessa is moderately wounded.
Duvessa barely misses you. Duvessa hits you with a +0 rapier.
You barely miss Duvessa.
Duvessa is moderately wounded.
Duvessa hits you with a +0 rapier. Duvessa hits you with a +0 rapier!
* * * LOW HITPOINT WARNING * * *
You completely miss Duvessa.
Duvessa is moderately wounded.
Duvessa barely misses you. You block Duvessa's attack.
You hit Duvessa.
Duvessa is moderately wounded.
Duvessa hits you with a +0 rapier!
* * * LOW HITPOINT WARNING * * *
Duvessa barely misses you.
You hit Duvessa but do no damage.
Duvessa is moderately wounded.
You block Duvessa's attack. Duvessa closely misses you.
You barely miss Duvessa.
Duvessa is moderately wounded.
You block Duvessa's attack. Duvessa hits you with a +0 rapier!
You die...

######## **###......##
***,......$@..######****
*,,,#######e........,,,*
*,,.#~~~BB#(........,,,*
*,..+~~∩~S#(........,,,*
*...#~~~~~#.........,,,*
######...#######.........,,,*
.........................,,,*
................(........,,,*
.........................,,,*


You could see Duvessa (berserk), an adder and 2 giant cockroaches.

Vanquished Creatures
  Dowan (D:4)
  Crazy Yiuf (D:2)
  An orc priest (D:2)
  An adder (D:2)
  A shadow imp (D:3)
  2 worms
  2 dart slugs (D:2)
  7 orcs
  3 bats
  7 endoplasms
  A giant cockroach (D:2)
  6 goblins
  5 hobgoblins
  7 kobolds
  4 quokkas
  4 ball pythons
  4 frilled lizards
  3 rats
60 creatures vanquished.

Notes
Turn   | Place    | Note
-------+----------+-------------------------------------------
     0 | D:1      | Mrmini231 the Hill Orc Fighter began the quest for the Orb.
     0 | D:1      | Reached XP level 1. HP: 19/19 MP: 1/1
     1 | D:1      | You fall into a shaft and drop 1 floor!
    15 | D:2      | Reached XP level 2. HP: 25/27 MP: 2/2
   313 | D:1      | Reached XP level 3. HP: 33/33 MP: 3/3
   669 | D:2      | Reached skill level 1 in Dodging
   675 | D:2      | Reached XP level 4. HP: 6/40 MP: 4/4
  1124 | D:2      | Found a runed translucent door.
  1125 | D:2      | Noticed Crazy Yiuf
  1133 | D:2      | Killed Crazy Yiuf
  1433 | D:3      | Reached XP level 5. HP: 47/47 MP: 5/5
  2257 | D:4      | Noticed Dowan
  2258 | D:4      | Noticed Duvessa
  2268 | D:4      | Killed Dowan
  2381 | D:4      | Found a glowing drain.
  2404 | D:4      | Mangled by Duvessa

Illustrated notes

Levels and vault maps discovered:
D:1:      heliophobic_arrival_henge, layout_rooms, hangedman_decor_peaks_small
D:2:      layout_basic, uniq_crazy_yiuf_cottage
D:3:      layout_basic
D:4:      layout_gridville, gup_sewer_entry_glass, uniq_duvessa

Skill      XL: |  1  2  3  4  5 |
---------------+----------------+-----
Fighting       | 4 |  4.5
Dodging        | 1 |  1.6
Maces & Flails | 3 |  3.4
Armour         | 4 |  4.2
Shields        | 4 |  4.2
Evocations     | |  0.6

Action                     |  1- 3 |  4- 6 || total
---------------------------+-------+-------++-------
  Melee: Flail             |    80 |   103 ||   183
  Throw: Dart              |       |     4 ||     4
  Evoke: Wand              |       |     7 ||     7
    Use: Scroll            |     3 |     5 ||     8
         Potion            |     1 |     3 ||     4
 Armour: Scale mail        |    21 |       ||    21
         Chain mail        |    24 |    48 ||    72
  Dodge: Dodged            |    35 |    31 ||    66
  Block: Buckler           |    20 |    22 ||    42
